 Dungeon Crawl Stone Soup version 0.20-a0-1061-gbbf974c (webtiles) character file.

611 Deemzul the Sneak (level 7, 47/48 HPs)
             Began as an Octopode Monk on Apr 27, 2017.
             Was an Initiate of Dithmenos.
             Got out of the dungeon alive.
             The game lasted 00:04:38 (4276 turns).

Deemzul the Sneak (Octopode Monk)                   Turns: 4276, Time: 00:04:39

Health: 47/48      AC:  1    Str: 10    XL:     7   Next: 44%
Magic:  7/7        EV: 16    Int: 12    God:    Dithmenos [......]
Gold:   75         SH:  0    Dex: 20    Spells: 6/6 levels left

rFire    + + .     SeeInvis .   p - +10 falchion of the Scavenger {flame, +Rage rF++ Dex+3}
rCold    . . .     Gourm    .   (no shield)
rNeg     . . .     Faith    .   (helmet restricted)
rPois    .         Spirit   .   (no amulet)
rElec    .         Reflect  .   (no ring)
rCorr    .         Harm     .   (no ring)
MR       .....                  (no ring)
Stlth    +++++.....             (no ring)
Regen    0.2/turn               (no ring)
MPRegen  0.1/turn               (no ring)
                                (no ring)
                                (no ring)

@: no status effects
A: almost no armour, stealthy swim, amphibious, 8 rings, constrict 8, camouflage
1, gelatinous body 1
a: Renounce Religion, Evoke Berserk Rage


You escaped.
You worshipped Dithmenos.
Dithmenos was noncommittal.
You were hungry.

You visited 2 branches of the dungeon, and saw 5 of its levels.

You collected 75 gold pieces.

Inventory:

Hand Weapons
 e - a +3 short sword
 p - the +10 falchion of the Scavenger (weapon) {flame, +Rage rF++ Dex+3}
   (You found it on level 4 of the Dungeon)

   It has been specially enchanted to burn those struck by it, causing extra
   injury to most foes and up to half again as much damage against particularly
   susceptible opponents.
   Big, fiery blades are also staple armaments of hydra-hunters.
   It affects your dexterity (+3).
   It greatly protects you from fire.
   It lets you go berserk.
   Dithmenos disapproves of the use of such an item.
Jewellery
 i - an uncursed ring of magical power {unknown}
Scrolls
 f - a scroll of remove curse {unknown}
 h - 2 scrolls of enchant armour {unknown}
 j - a scroll of teleportation {unknown}
 o - a scroll of recharging {unknown}
 q - a scroll of magic mapping {unknown}
 r - a scroll of immolation {unknown}
 s - a scroll of fog {unknown}
Potions
 b - 2 potions of agility {unknown}
 d - 4 potions of mutation {unknown}
 g - 2 potions of curing {unknown}
 l - 2 potions of lignification {unknown}
 m - a potion of cancellation {unknown}
Comestibles
 a - 5 bread rations
 c - 2 royal jellies
 k - 4 fruits
 t - a meat ration


   Skills:
 + Level 4.1 Fighting
 * Level 2.0 Long Blades
 + Level 4.2 Dodging
 * Level 6.8 Stealth
 - Level 5.1 Unarmed Combat


You had 6 spell levels left.
You didn't know any spells.

Dungeon Overview and Level Annotations

Branches:
Dungeon (4/15)             Temple (1/1) D:4

Altars:
Ashenzari
Dithmenos
Elyvilon
Okawaru
Sif Muna
Uskayaw
Vehumet
Wu Jian
Zin
The Shining One


Innate Abilities, Weirdness & Mutations

You cannot wear most types of armour.
You are very stealthy in the water. (Stealth+)
You are amphibious.
You can wear up to eight rings at the same time.
You can use your tentacles to constrict eight enemies at once.
Your skin changes colour to match your surroundings (Stealth+).
Your rubbery body absorbs attacks. (AC +1, EV +1)


Message History

You climb upwards.
Welcome back to the Dungeon!
There is a staircase to the Ecumenical Temple here.
There is a stone staircase leading up here.
You climb upwards.
There is a stone staircase leading down here.
There is a stone staircase leading up here.
There is a stone staircase leading up here.
You climb upwards.
There is a stone staircase leading down here.
There is a stone staircase leading up here.
You climb upwards.
There is a stone staircase leading down here.
Vehumet rains destruction down upon you!
The stone arrow hits you!
Vehumet seems mollified.
You can't go up here!
You are feeling hungry.
There is a staircase leading out of the dungeon here.
Are you sure you want to leave the Dungeon?
This will make you lose the game!
You have escaped!

####.......##....#...#
#.........###.###..#
#....⌠....##..(.#.##
#................##
####)......######### ###
..####...######...####.#
######.### ##.......##.#
###...### #.........#.#
#.......####....@....#.#
.........##..........#.#
....⌠......##.......##[#
.........######...####.#
#.......## ##### ##.##
###...### ####...######
# ##### #...........# #
#.##.>.####.# #.###...#
#.#


There were no monsters in sight!

Vanquished Creatures
  An ogre (D:4)
  A howler monkey (D:4)
  2 hounds (D:4)
  2 orc priests
  A centaur skeleton (D:4)
  Natasha (twice) (D:3 D:2)
  3 worker ants (D:4)
  A hound zombie (D:3)
  A hound skeleton (D:3)
  A worker ant zombie (D:3)
  Robin (D:2)
  3 gnolls
  4 adders
  An adder skeleton (D:3)
  An adder zombie (D:3)
  2 worms (D:2)
  A dart slug (D:1)
  2 leopard geckos
  14 orcs
  A ball python (D:3)
  4 giant cockroaches
  13 goblins
  10 hobgoblins
  6 jackals
  A quokka (D:2)
  5 bats
  3 frilled lizards
  8 kobolds
  6 rats
101 creatures vanquished.

Notes
Turn   | Place    | Note
-------+----------+-------------------------------------------
     0 | D:1      | Deemzul the Octopode Monk began the quest for the Orb.
     0 | D:1      | Reached XP level 1. HP: 16/16 MP: 1/1
    84 | D:1      | Reached skill level 3 in Stealth
    84 | D:1      | Reached XP level 2. HP: 18/21 MP: 2/2
   321 | D:1      | Reached XP level 3. HP: 18/26 MP: 3/3
   626 | D:2      | Found a faded altar of an unknown god.
   816 | D:2      | Noticed Robin
   831 | D:2      | Killed Robin
   831 | D:2      | Reached skill level 4 in Stealth
  1088 | D:2      | Reached XP level 4. HP: 31/31 MP: 4/4
  1095 | D:2      | Became a worshipper of Vehumet
  1095 | D:2      | Reached * piety under Vehumet
  1095 | D:2      | Offered knowledge of Magic Dart by Vehumet.
  1095 | D:2      | Reached ** piety under Vehumet
  1111 | D:1      | Fell from the grace of Vehumet
  2424 | D:3      | Noticed Natasha
  2432 | D:3      | Reached XP level 5. HP: 20/36 MP: 5/5
  2436 | D:3      | Killed Natasha
  2855 | D:3      | Noticed Natasha
  2875 | D:2      | Killed Natasha
  2875 | D:2      | Reached skill level 5 in Stealth
  2875 | D:2      | Reached XP level 6. HP: 28/42 MP: 6/6
  3079 | D:3      | Found a white marble altar of Elyvilon.
  3744 | D:4      | Reached skill level 5 in Unarmed Combat
  3818 | D:4      | Reached skill level 6 in Stealth
  3849 | D:4      | Got a bone falchion
  3850 | D:4      | Identified the +10 falchion of the Scavenger {flame, +Rage rF++ Dex+3} (You found it on level 4 of the Dungeon)
  3897 | D:4      | Reached skill level 1 in Long Blades
  3897 | D:4      | Reached XP level 7. HP: 40/47 MP: 7/7
  4028 | D:4      | Found a staircase to the Ecumenical Temple.
  4054 | Temple   | Entered the Ecumenical Temple
  4147 | Temple   | Became a worshipper of Dithmenos the Shadowed
  4230 | D:1      | Was forgiven by Vehumet
  4276 | D:$      | Got out of the dungeon alive.

Vault maps used:
D:1:      dpeg_arrival_three_same_balls, serial_park_tiny_1
D:2:      chequers_ecumenical_altar_island, uniq_robin
D:3:      elyvilon_altar_1, serial_undead, serial_undead_f, serial_undead_f,
          serial_undead_a, serial_undead_a, serial_undead_f, serial_undead_e,
          uniq_natasha
D:4:      temple_fountains, first_bread, columned_hall_lemuel,
          grunt_ministairs_9
Temple:   bh_familiar_temple

Skill      XL: |  1  2  3  4  5  6  7 |
---------------+----------------------+-----
Stealth        | 3 4 5 6 |  6.8
Unarmed Combat | 4 5 |  5.1
Dodging        | 4 |  4.2
Long Blades    | 1 2 |  2.0
Fighting       | 4 |  4.1

Action                   |  1- 3 |  4- 6 |  7- 9 || total
-------------------------+-------+-------+-------++-------
Melee: Unarmed           |    32 |   107 |       ||   139
       Constrict         |    18 |    40 |     1 ||    59
       Short sword       |    32 |    13 |       ||    45
       Tentacles         |     8 |    25 |     2 ||    35
       Punch             |     1 |     5 |       ||     6
       Falchion          |       |    11 |     8 ||    19
Invok: Renounce Religion |       |     1 |       ||     1
 Stab: Sleeping          |    15 |     5 |     1 ||    21
  Eat: Chunk             |       |     9 |     1 ||    10
Armor: Skin              |     4 |     5 |       ||     9
Dodge: Dodged            |    33 |    94 |     8 ||   135
       Rpst.: Falchion   |       |     3 |     3 ||     6
